 Dungeon Crawl Stone Soup version 0.19-a0-831-gce7da8b (webtiles) character file.

76 Gruud the Slasher (level 4, 0/33 HPs)
             Began as a Demonspawn Gladiator on June 30, 2016.
             Killed by nerve-wracking pain
             ... invoked by Grinder
              (10 damage)
             ... on level 3 of the Dungeon.
             The game lasted 00:04:11 (1047 turns).

Gruud the Slasher (Demonspawn Gladiator)            Turns: 1047, Time: 00:04:12

Health: 0/33       AC: 11    Str: 15    XL:     4   Next: 12%
Magic:  4/4        EV: 15    Int: 11    God:
Gold:   37         SH:  0    Dex: 18    Spells: 0 memorised, 3 levels left

rFire  . . .     SeeInvis .     a - +0 long sword
rCold  . . .     Gourm    .     q - +0 scale mail
rNeg   . . .     Faith    .     (no shield)
rPois  .         Spirit   .     n - +0 helmet
rElec  .         Dismiss  .     (no cloak)
rCorr  .         Reflect  .     (no gloves)
SustAt .         Harm     .     (no boots)
MR     .....                    (no amulet)
Stlth  ++........               (no ring)
                                (no ring)

@: agile, not resistant to hostile enchantments, unstealthy
A: iridescent scales 1, nightstalker 1
a: no special abilities


You were on level 3 of the Dungeon.
You were not hungry.

You visited 1 branch of the dungeon, and saw 3 of its levels.

You collected 37 gold pieces.

Inventory:

Hand Weapons
 a - a +0 long sword (weapon)
 b - a +0 dagger
Missiles
 d - 3 throwing nets (quivered)
Armour
 n - a +0 helmet (worn)
 q - a +0 scale mail (worn)
Scrolls
 e - 4 scrolls of identify {unknown}
 g - a scroll of random uselessness {unknown}
 i - 2 scrolls of remove curse {unknown}
 j - a scroll of enchant armour {unknown}
 r - a scroll of teleportation {unknown}
Potions
 c - a potion of magic {unknown}
 h - a potion of cure mutation {unknown}
 k - a potion of cancellation {unknown}
 m - a potion of agility
Comestibles
 f - 2 bread rations
 l - 3 meat rations
 o - a slice of pizza
 p - a beef jerky
 s - 4 chunks of flesh


   Skills:
 - Level 2.0 Fighting
 * Level 4.3 Long Blades
 - Level 1.7 Throwing
 + Level 0.8 Armour
 - Level 2.6 Dodging


You had 3 spell levels left.
You didn't know any spells.

Dungeon Overview and Level Annotations

Branches:
Dungeon (3/15)

Altars:
Ru

Annotations:
D:3 Grinder


Innate Abilities, Weirdness & Mutations

You are partially covered in iridescent scales. (AC +4)
You are slightly more attuned to the shadows.


Message History

Grinder hits you.
* * * LOW HITPOINT WARNING * * *
You writhe in agony. x2
Grinder hits you but does no damage.
You can move again.
Unknown command.
Unknown command.
It was a potion of agility.
You feel agile all of a sudden. Grinder closely misses you.
You riposte.
You hit Grinder.
Grinder is lightly wounded.
You closely miss Grinder.
Grinder is lightly wounded.
Grinder hits you but does no damage.
You barely miss Grinder.
Grinder is lightly wounded.
Grinder blinks!
Grinder gestures at you. Pain shoots through your body!
You die...

..#
######...####
#
##.###...#.§§
.
#§§§##...#§§§
..
§§§§.#...#§§§
..
#§§§##.⌠.#§§§
..
##.###§..#§§§
..
######...####
######@''####
# #.......
#.##.5.....
#..........
####)......
#<.......
##.......
########


You could see Grinder.

Vanquished Creatures
  3 adders (D:2)
  2 oozes
  2 dart slugs (D:1)
  2 giant cockroaches
  5 goblins
  3 hobgoblins (D:2)
  2 jackals (D:2)
  7 bats
  2 giant newts (D:2)
  4 kobolds
  4 rats (D:1)
36 creatures vanquished.

Notes
Turn   | Place    | Note
--------------------------------------------------------------
     0 | D:1      | Gruud the Demonspawn Gladiator began the quest for the Orb.
     0 | D:1      | Reached XP level 1. HP: 16/16 MP: 1/1
    48 | D:2      | Reached skill level 3 in Long Blades
    89 | D:1      | Gained mutation: You are slightly more attuned to the shadows. [demonic ancestry]
    89 | D:1      | Reached XP level 2. HP: 12/22 MP: 2/2
   397 | D:2      | Reached XP level 3. HP: 21/27 MP: 3/3
   499 | D:2      | Found a sacrificial altar of Ru.
   557 | D:2      | Reached skill level 4 in Long Blades
   656 | D:2      | Gained mutation: You are partially covered in iridescent scales. (AC +4) [demonic ancestry]
   656 | D:2      | Reached XP level 4. HP: 11/33 MP: 4/4
  1030 | D:3      | Noticed Grinder
  1040 | D:3      | Paralysed by Grinder for 4 turns
  1047 | D:3      | Killed from afar by Grinder

Vault maps used:
D:1:      ncdulo_wetmaze
D:2:      overflow_temple_1_default, kennysheep_generic_room_8
D:3:      first_bread, nemelex_altar_shiori, uniq_grinder, uniq_iyjb

Skill      XL: |  1  2  3 |
---------------+----------+-----
Long Blades    | 3 4 |  4.3
Fighting       | |  2.0
Throwing       | |  1.7
Armour         | |  0.8
Dodging        | |  2.6

Action                   |  1- 3 |  4- 6 || total
-------------------------+-------+-------++-------
Melee: Long sword        |   112 |    26 ||   138
  Use: Potion            |       |     1 ||     1
 Stab: Sleeping          |     5 |       ||     5
  Eat: Chunk             |       |     1 ||     1
Armor: Leather armour    |    25 |       ||    25
       Scale mail        |    13 |     8 ||    21
Dodge: Dodged            |    69 |    11 ||    80
